 Dungeon Crawl Stone Soup version 0.28-a0-1199-gef9e1dbd39 (webtiles) character file.

Game seed: 3388973956102452923

11 timneilson the Skirmisher (level 2, 0/24 HPs)
             Began as a Demonspawn Abyssal Knight on Dec 19, 2021.
             Was an Initiate of Lugonu.
             Slain by a gnoll (3 damage)
             ... on level 1 of the Dungeon.
             The game lasted 00:00:52 (417 turns).

timneilson the Skirmisher (DsAK)                     Turns: 417, Time: 00:00:53

Health: 0/24       AC:  5    Str: 13    XL:     2   Next: 13%
Magic:  3/3        EV: 11    Int: 11    God:    Lugonu [......]
Gold:   0          SH:  0    Dex: 13    Spells: 1/1 levels left

rFire   . . .      SeeInvis .   a - +1 falchion
rCold   . . .      Faith    .   (no shield)
rNeg    . . .      Spirit   .   b - +0 leather armour
rPois   .          Reflect  .   (no helmet)
rElec   .          Harm     .   (no cloak)
rCorr   .          Rampage  .   (no gloves)
Will    .....                   (no boots)
Stlth   +.........              (no amulet)
HPRegen 0.08/turn               (no ring)
MPRegen 0.08/turn               (no ring)

@: no status effects
A: thin metallic scales 1
a: Renounce Religion


You were on level 1 of the Dungeon.
You worshipped Lugonu.
Lugonu was noncommittal.
You visited 1 branch of the dungeon, and saw 1 of its levels.
You visited the Abyss 1 time.

Inventory:

Hand Weapons
 a - a +1 falchion (weapon)
Armour
 b - a +0 leather armour (worn)
Scrolls
 c - 2 scrolls of enchant armour {unknown}
 d - 2 scrolls of identify {unknown}


   Skills:
 + Level 3.0 Fighting
 * Level 2.1 Long Blades
 * Level 2.0 Armour
 + Level 1.1 Dodging
 + Level 2.5 Invocations


You had one spell level left.
You didn't know any spells.
Your spell library was empty.

Dungeon Overview and Level Annotations

Branches:
Dungeon (1/15)

Altars:

Shops:
D:1 (


Innate Abilities, Weirdness & Mutations

You are partially covered in thin metallic scales. (AC +2)


Message History

The jackal barely misses you. The giant cockroach bites you.
The jackal bites you.
You hit the jackal.
You kill the jackal!
Lugonu accepts your kill.
Your Long Blades skill increases to level 2!
Your Armour skill increases to level 2!
You slash the giant cockroach!
You kill the giant cockroach!
Lugonu accepts your kill.
You hit the ball python.
You kill the ball python!
Lugonu accepts your kill.
You have reached level 2!
Your demonic ancestry asserts itself...
Thin metallic scales grow over part of your body.
You barely miss the quokka. The quokka misses you.
You hit the quokka.
You kill the quokka!
Lugonu accepts your kill.
You see here a giant cockroach corpse.
A quokka is nearby!
You slash the quokka!
You kill the quokka!
Lugonu accepts your kill.
You see here a quokka corpse.
A gnoll comes into view. It is wielding a +0 club.
A rat comes into view.
Found a stone staircase leading down.
The gnoll shouts!
The gnoll hits you with a +0 club.
You closely miss the gnoll. The gnoll hits you with a +0 club.
You hit the gnoll but do no damage. The gnoll hits you with a +0 club!
* * * LOW HITPOINT WARNING * * *
The gnoll hits you with a +0 club.
* * * LOW HITPOINT WARNING * * *
You hit the gnoll.
The gnoll is lightly wounded.
The gnoll hits you with a +0 club.
You die...

..#.....##.### ###....####
#..# .......##
....###....#....###..#
.8.>..##
#..#...######..##..##
.....##...####.....#
##.##...# #.<.##
........##.## #....#.#
#...#
....###..#.##########....#
#...#
..........†.†............#
#...#
....####..############..##
#...# .. #.@# #..# #(..#
#g.# #### #...# #.r. #...#
...#. ....#.. .....# ..
......# ... ....>... ...


You could see a gnoll and a rat.

Vanquished Creatures
  A giant cockroach (D:1)
  A goblin (D:1)
  2 jackals (D:1)
  2 quokkas (D:1)
  A ball python (D:1)
  2 kobolds (D:1)
9 creatures vanquished.

Notes
Turn   | Place    | Note
-------+----------+-------------------------------------------
     0 | Abyss:1  | timneilson the Demonspawn Abyssal Knight began the quest
                  | for the Orb.
     0 | Abyss:1  | Reached XP level 1. HP: 18/18 MP: 2/2
    26 | Abyss:1  | Noticed a quasit
    26 | Abyss:1  | Noticed a wight
    28 | D:1      | Escaped the Abyss
    57 | D:1      | Found Nuegig's Antique Weapon Shop.
   180 | D:1      | Reached skill level 1 in Dodging
   335 | D:1      | Gained mutation: You are partially covered in thin metallic
                  | scales. (AC +2) [demonic ancestry]
   335 | D:1      | Reached XP level 2. HP: 15/24 MP: 3/3
   417 | D:1      | Slain by a gnoll

Illustrated notes

Levels and vault maps discovered:
D:1:      psy_arrival_spokes, layout_rooms, basic_ecumenical_altar,
          serial_shops, nicolae_shop_stone

Skill      XL: |  1 |
---------------+----+-----
Dodging        | 1 |  1.1
Long Blades    | 2 |  2.1
Armour         | 2 |  2.0
Fighting       | |  3.0
Invocations    | |  2.5

Action                   || total
-------------------------++-------
Melee: Falchion          ||    33
Invok: Depart the Abyss  ||     1
Armor: Leather armour    ||     9
Dodge: Dodged            ||    20

Table legend: (Time is in decaauts)
 A = Elapsed time spent in this place.
 B = Non-inter-level travel time spent in this place.
 C = Inter-level travel time spent in this place.
 D = Time resting spent in this place.
 E = Time spent auto-exploring this place.
 F = Levels seen in this place.
 G = Mean time per level.
                   A        B        C        D        E       F      G
               +--------+--------+--------+--------+--------+-----+--------+
         Total |    423 |    423 |      0 |      0 |    318 |   2 |  211.5 |
       Dungeon |    395 |    395 |      0 |      0 |    318 |   1 |  395.0 |
         Abyss |     28 |     28 |      0 |      0 |      0 |   1 |   28.0 |
               +--------+--------+--------+--------+--------+-----+--------+

Top non-repeatable levels by time:
     D:1: 395 daAuts
 Abyss:1: 28 daAuts
